 Dungeon Crawl Stone Soup version 0.28-a0-1002-gf00fe891ef (webtiles) character file.

Game seed: 12752237474645099463

259 Armakuni the Charlatan (level 6, -8/47 HPs)
             Began as a Human Artificer on Dec 6, 2021.
             Was an Initiate of Vehumet.
             Mangled by a hornet zombie (10 damage)
             ... on level 4 of the Dungeon.
             The game lasted 00:08:12 (4665 turns).

Armakuni the Charlatan (Human Artificer)            Turns: 4665, Time: 00:08:13

Health: -8/47      AC:  6    Str: 14    XL:     6   Next: 40%
Magic:  6/6        EV: 10    Int: 11    God:    Vehumet [......]
Gold:   111        SH:  0    Dex: 14    Spells: 5/5 levels left

rFire   . . .      SeeInvis .   a - +0 whip (venom)
rCold   . . .      Faith    .   (no shield)
rNeg    . . .      Spirit   .   f - +0 scale mail
rPois   .          Reflect  .   (no helmet)
rElec   .          Harm     .   (no cloak)
rCorr   .          Rampage  .   (no gloves)
Will    .....                   (no boots)
Stlth   ..........              (no amulet)
HPRegen 0.15/turn               (no ring)
MPRegen 0.10/turn               (no ring)

@: no status effects
A: no striking features
a: Renounce Religion


You were on level 4 of the Dungeon.
You worshipped Vehumet.
Vehumet was noncommittal.
You visited 1 branch of the dungeon, and saw 4 of its levels.

You collected 111 gold pieces.

Inventory:

Hand Weapons
 a - a +0 whip of venom (weapon)
 i - a +0 hunting sling
Armour
 b - a +0 leather armour
 f - a +0 scale mail (worn)
Jewellery
 o - an amulet of magic regeneration
Wands
 d - a wand of charming (14)
Scrolls
 g - a scroll of magic mapping {unknown}
 h - 3 scrolls of identify {unknown}
 k - a scroll of brand weapon {unknown}
 m - a scroll of teleportation {unknown}
 p - a scroll of enchant weapon {unknown}
 q - a scroll of fog {unknown}
Potions
 j - a potion of degeneration {unknown}
 l - 2 potions of mutation {unknown}
 n - a potion of curing {unknown}
Miscellaneous
 e - a piece from Xom's chessboard (11/15)


   Skills:
 + Level 3.5 Fighting
 - Level 2.0 Armour
 + Level 3.3 Dodging
 - Level 1.0 Stealth
 + Level 4.5 Evocations


You had 5 spell levels left.
You didn't know any spells.
Your spell library contained the following spells:

 Spells                   Type           Power      Damage    Failure   Level
 Pain                     Necr           0%         1d4       83%         1
 Shock                    Conj/Air       0%         1d3       83%         1
 Swiftness                Air            0%         N/A       99%         3
 Airstrike                Air            0%         N/A       100%        4


Dungeon Overview and Level Annotations

Branches:
Dungeon (4/15)
 Temple: D:4-7

Altars:
Qazlal
Sif Muna
Trog
Vehumet


Message History

The hornet zombie hits you.
Aiming: Throw Flame
Press: ? - help, Shift-Dir - straight line, f/p - hornet zombie
Aim: a hornet zombie (severely damaged, 77% to hit)
The puff of flame hits the hornet zombie!
The hornet zombie is almost destroyed.
The hornet zombie barely misses you. x2
Aiming: Throw Flame
Press: ? - help, Shift-Dir - straight line, f/p - hornet zombie
Aim: a hornet zombie (almost destroyed, 77% to hit)
The puff of flame misses the hornet zombie.
The puff of flame hits the orc!
You kill the orc!
Vehumet accepts your kill. The hornet zombie hits you.
You closely miss the hornet zombie.
The hornet zombie is almost destroyed.
The hornet zombie hits you!
You hit the hornet zombie.
The hornet zombie is almost destroyed.
The hornet zombie hits you!
* * * LOW HITPOINT WARNING * * *
The hornet zombie hits you!
* * * LOW HITPOINT WARNING * * *
Aiming: Throw Flame
Press: ? - help, Shift-Dir - straight line, f/p - hornet zombie
Aim: a hornet zombie (almost destroyed, 77% to hit)
The puff of flame misses the hornet zombie.
The now-empty wand crumbles to dust.
The hornet zombie hits you but does no damage.
You don't have any such object.
Evoke which item? (* to show all) (? for menu, Esc to quit)
Okay, then.
You make a move on Xom's chessboard...
The hornet zombie struggles to resist.
The hornet zombie completely misses you.
Unknown command.
You hit the hornet zombie.
The hornet zombie is almost destroyed.
The hornet zombie misses you. The hornet zombie hits you!
You die...

#.#..#....# #.#......
#......###. #..........
###.####### #.........#
#.#)#####.# #.#Z#<#
#.#@#.# ##.#.#.#####.#
#####..#.#.......#
#................#
#.....≈.≈.........
#...(≈≈≈....≈.....########
#...≈≈≈#≈#+#≈..##.........
#....≈#≈≈≈≈≈≈..##......###
#.....#≈8_≈#≈≈≈##.........


You could see a hornet zombie.

Vanquished Creatures
  Natasha (thrice) (D:2)
  A hound skeleton (D:4)
  4 adders
  5 gnolls (D:3)
  A white imp (D:3)
  A worm (D:3)
  A dart slug (D:3)
  5 orcs
  4 endoplasms
  2 giant cockroaches
  7 goblins
  9 hobgoblins
  A jackal (D:2)
  2 kobolds
  3 quokkas
  6 ball pythons
  5 bats
  4 frilled lizards
  A rat (D:2)
65 creatures vanquished.

Vanquished Creatures (collateral kills)
  A kobold (D:4)
1 creature vanquished.

Vanquished Creatures (others)
  A scorpion (D:4)
1 creature vanquished.

Grand Total: 67 creatures vanquished

Notes
Turn   | Place    | Note
-------+----------+-------------------------------------------
     0 | D:1      | Armakuni the Human Artificer began the quest for the Orb.
     0 | D:1      | Reached XP level 1. HP: 15/15 MP: 1/1
   183 | D:1      | Found a faded altar of an unknown god.
   446 | D:1      | Reached XP level 2. HP: 14/21 MP: 2/2
  1252 | D:1      | Reached XP level 3. HP: 27/27 MP: 3/3
  1715 | D:2      | You fall into a shaft and drop 2 floors!
  1787 | D:4      | Found a stormy altar of Qazlal.
  1796 | D:4      | Reached XP level 4. HP: 33/33 MP: 4/4
  2432 | D:3      | Found a bloodstained altar of Trog.
  2439 | D:3      | Reached XP level 5. HP: 39/39 MP: 5/5
  2444 | D:3      | Found a shimmering blue altar of Sif Muna.
  2449 | D:3      | Got Sif Muna's Handbook of Evil Rites
  2680 | D:3      | Reached skill level 4 in Evocations
  3052 | D:2      | Noticed Natasha
  3060 | D:2      | Killed Natasha
  3374 | D:2      | Noticed Natasha
  3383 | D:2      | Killed Natasha
  3537 | D:2      | Noticed Natasha
  3547 | D:2      | Killed Natasha
  3548 | D:2      | Reached XP level 6. HP: 33/47 MP: 6/6
  3895 | D:4      | Found a radiant altar of Vehumet.
  3915 | D:4      | Became a worshipper of Vehumet
  4662 | D:4      | HP: 1/47 [hornet zombie (10)]
  4665 | D:4      | Mangled by a hornet zombie

Illustrated notes

Levels and vault maps discovered:
D:1:      psy_arrival_wood_between_worlds, layout_basic,
          shapermc_ecumenical_altar_venn, nrook_mini_vaults
D:2:      cheibrodos_old_hovel, layout_basic, uniq_natasha
D:3:      cheibrodos_helix_gallery, layout_basic,
          nzn_overflow_gifts_of_might_and_magic
D:4:      layout_basic, fiery_altar_vehumet, nicolae_qazlal_general_emergency,
          minmay_bent

Skill      XL: |  1  2  3  4  5 |
---------------+----------------+-----
Fighting       | 2 3 |  3.5
Dodging        | 2 3 |  3.3
Evocations     | 4 |  4.5
Armour         | |  2.0
Stealth        | |  1.0

Action                   |  1- 3 |  4- 6 || total
-------------------------+-------+-------++-------
Melee: Club              |    17 |       ||    17
       Dagger            |   132 |    14 ||   146
       Whip              |       |   146 ||   146
Evoke: Wand              |     4 |    12 ||    16
       Piece from Xom's  |       |     9 ||     9
 Stab: Petrified         |       |    10 ||    10
Armor: Scale mail        |    99 |    52 ||   151
Dodge: Dodged            |    69 |    75 ||   144

Table legend: (Time is in decaauts)
 A = Elapsed time spent in this place.
 B = Non-inter-level travel time spent in this place.
 C = Inter-level travel time spent in this place.
 D = Time resting spent in this place.
 E = Time spent auto-exploring this place.
 F = Levels seen in this place.
 G = Mean time per level.
                   A        B        C        D        E       F      G
               +--------+--------+--------+--------+--------+-----+--------+
         Total |   4684 |   4595 |     89 |   1443 |   2205 |   4 | 1171.0 |
       Dungeon |   4684 |   4595 |     89 |   1443 |   2205 |   4 | 1171.0 |
               +--------+--------+--------+--------+--------+-----+--------+

Top non-repeatable levels by time:
     D:3: 1853 daAuts
     D:1: 1344 daAuts
     D:2: 1319 daAuts
     D:4: 167 daAuts
